 Dungeon Crawl Stone Soup version 0.22-a0-603-gfc1114d (webtiles) character file.

875 sking99 the Insei (level 8, -2/50 HPs)
             Began as an Octopode Transmuter on July 7, 2018.
             Was an Initiate of Ru.
             Shot with an arrow by a centaur (8 damage)
             ... on level 6 of the Dungeon.
             The game lasted 00:14:52 (6022 turns).

sking99 the Insei (Octopode Transmuter)             Turns: 6022, Time: 00:14:53

Health: -2/50      AC:  2    Str:  9    XL:     8   Next: 4%
Magic:  8/11       EV: 20    Int: 15    God:    Ru [......]
Gold:   309        SH:  0    Dex: 20    Spells: 5/11 levels left

rFire    . . .     SeeInvis .     - Unarmed
rCold    . . .     Gourm    .   (shield currently unavailable)
rNeg     . . .     Faith    .   (helmet currently unavailable)
rPois    x         Spirit   .   (no amulet)
rElec    .         Reflect  .   (no ring)
rCorr    .         Harm     .   (no ring)
MR       .....                  (no ring)
Stlth    ++........             (no ring)
HPRegen  0.16/turn              (no ring)
MPRegen  0.12/turn              (no ring)
                                (no ring)
                                (no ring)

@: spider-form (expiring)
A: tiny, almost no armour, stealthy swim, (amphibious), 8 rings, (constrict 8)
a: End Transformation, Renounce Religion


You were on level 6 of the Dungeon.
You worshipped Ru.
Ru was noncommittal.
You were not hungry.
You were a venomous arachnid creature.
You visited 2 branches of the dungeon, and saw 7 of its levels.

You collected 309 gold pieces.

Inventory:

Missiles
 a - 43 arrows
Magical Staves
 d - an uncursed staff of wizardry (melded)
Jewellery
 b - a cursed -2 ring of protection {unknown}
 n - an uncursed ring of positive energy {unknown}
 p - an uncursed ring of resist corrosion {unknown}
 u - an uncursed ring of protection from fire {unknown}
 v - an uncursed ring of protection from cold {unknown}
 x - an uncursed ring of ice {unknown}
 y - an uncursed amulet of the acrobat {unknown}
Wands
 g - a wand of random effects (23)
 t - a wand of polymorph (4)
Scrolls
 f - 4 scrolls of teleportation
 h - 3 scrolls of fear
 j - 2 scrolls of amnesia
 r - a scroll of enchant weapon
Potions
 e - 2 potions of curing
 i - a potion of agility {unknown}
 k - a potion of resistance
 l - a potion of degeneration {unknown}
 m - a potion of flight
 o - 3 potions of brilliance
 q - 2 potions of heal wounds
 z - a potion of berserk rage
Comestibles
 c - 5 rations
 s - 4 chunks of flesh


   Skills:
 - Level 2.0 Fighting
 - Level 2.0 Dodging
 * Level 7.7 Unarmed Combat
 - Level 2.0 Spellcasting
 + Level 4.9 Transmutations
 - Level 2.0 Poison Magic


You had 5 spell levels left.
You knew the following spells:

 Your Spells              Type           Power        Failure   Level  Hunger
a - Beastly Appendage     Tmut           ###...       11%         1    #......
b - Sticks to Snakes      Tmut           ###.....     13%         2    ###....
c - Spider Form           Tmut/Pois      ##........   34%         3    ###....

Your spell library contained the following spells:

 Spells                   Type           Power        Failure   Level  Hunger
 Blade Hands              Tmut           ###.......   82%         5    ######.
 Ice Form                 Ice/Tmut       #.......     82%         4    #####..


Dungeon Overview and Level Annotations

Branches:
Dungeon (6/15)             Temple (1/1) D:5

Altars:
Ashenzari
Cheibriados
Dithmenos
Fedhas
Hepliaklqana
Kikubaaqudgha
Makhleb
Okawaru
Qazlal
Ru
Sif Muna
Trog
Vehumet
Wu Jian
Yredelemnul
The Shining One

Shops:
D:6 }


Innate Abilities, Weirdness & Mutations

You cannot wear most types of armour.
You are very stealthy in the water. (Stealth+)
((You are amphibious.))
You can wear up to eight rings at the same time.
((You can use your tentacles to constrict eight enemies at once.))
((Your skin changes colour to match your surroundings (Stealth+).))
((Your rubbery body absorbs attacks. (AC +1, EV +1)))


Message History

You hit the gnoll but do no damage.
The gnoll is poisoned.
The gnoll is severely wounded.
The hound skeleton bites you.
* * * LOW HITPOINT WARNING * * *
The gnoll completely misses you.
You bite the gnoll!
You kill the gnoll!
The hound skeleton completely misses you.
You bite the hound skeleton!
The hound skeleton is heavily damaged.
The hound skeleton bites you.
* * * LOW HITPOINT WARNING * * *
You bite the hound skeleton!
You destroy the hound skeleton!
You start resting.
The centaur is too close now for your liking.
A centaur is nearby!
Your transformation is almost over.
The centaur wields a shortbow.
The centaur shoots an arrow.
The arrow hits you!
You die...

#...# ....
#####...###.#.#
...$.c.........
c..............
....c..".......
#...# #...#
###..c#######
#.....))..s.#
#.#...#.###.#
#.#...#.###.###.# #
#.............#
#.###.#...#.###>...
..........#.## ..
#.....∩.....#
#######..##.# #
...##..##.##.#


You could see a centaur.

Vanquished Creatures
  An ogre (D:5)
  A scorpion (D:4)
  2 crimson imps (D:5)
  2 jellies (D:5)
  2 hounds (D:5)
  A gnoll shaman (D:4)
  An orc priest (D:4)
  A centaur skeleton (D:5)
  An orc wizard (D:5)
  Ijyb (D:3)
  An iguana (D:6)
  Natasha (twice) (D:4)
  3 worker ants
  A hound skeleton (D:6)
  5 adders
  11 gnolls
  An ooze (D:3)
  2 worms
  4 dart slugs (D:1)
  4 leopard geckos
  7 orcs
  8 giant cockroaches
  9 goblins
  7 hobgoblins
  7 jackals
  6 kobolds
  2 quokkas
  5 bats
  A frilled lizard (D:5)
  A leopard gecko skeleton (D:4)
  7 rats
107 creatures vanquished.

Vanquished Creatures (collateral kills)
  A goblin (D:5)
  2 kobolds (D:5)
3 creatures vanquished.

Vanquished Creatures (others)
  A bullfrog (D:6)
  An iguana (D:6)
  An adder skeleton (D:6)
  A giant cockroach (D:6)
4 creatures vanquished.

Grand Total: 114 creatures vanquished

Notes
Turn   | Place    | Note
-------+----------+-------------------------------------------
     0 | D:1      | sking99 the Octopode Transmuter began the quest for the Orb.
     0 | D:1      | Reached XP level 1. HP: 13/13 MP: 3/3
    38 | D:1      | Reached XP level 2. HP: 18/18 MP: 3/5
   753 | D:1      | Reached XP level 3. HP: 21/24 MP: 6/6
   964 | D:1      | Learned a level 2 spell: Sticks to Snakes
   968 | D:1      | Learned a level 3 spell: Spider Form
  1275 | D:2      | Reached skill level 4 in Unarmed Combat
  1552 | D:2      | Reached XP level 4. HP: 27/29 MP: 5/7
  1575 | D:2      | Reached skill level 1 in Poison Magic
  2193 | D:3      | Found a shadowy altar of Dithmenos.
  2355 | D:3      | Found a shadowy altar of Dithmenos.
  2593 | D:3      | Found a hazy altar of Hepliaklqana.
  2839 | D:4      | Reached XP level 5. HP: 34/34 MP: 6/8
  2977 | D:4      | Noticed Ijyb
  3333 | D:3      | Killed Ijyb
  3333 | D:3      | Reached skill level 5 in Unarmed Combat
  3469 | D:4      | Reached XP level 6. HP: 39/39 MP: 5/9
  3588 | D:4      | Noticed Natasha
  3754 | D:4      | Killed Natasha
  4022 | D:4      | Noticed Natasha
  4387 | D:4      | Reached skill level 6 in Unarmed Combat
  4895 | D:4      | Killed Natasha
  4895 | D:4      | Reached XP level 7. HP: 37/45 MP: 6/10
  4936 | D:5      | Entered Level 5 of the Dungeon
  5133 | D:5      | Found a basalt altar of Yredelemnul.
  5372 | D:5      | Reached skill level 7 in Unarmed Combat
  5411 | D:5      | Found a staircase to the Ecumenical Temple.
  5420 | Temple   | Entered the Ecumenical Temple
  5643 | Temple   | Became a worshipper of Ru the Awakened
  5873 | D:5      | Found an iron altar of Okawaru.
  5955 | D:6      | Found Qucvopsymo's Gadget Boutique.
  6003 | D:6      | Reached XP level 8. HP: 27/50 MP: 9/11
  6022 | D:6      | Shot with an arrow by a centaur

Vault maps used:
D:1:      dpeg_arrival_arbitrary_b
D:3:      lemuel_crystal_altar, old_standard_altar,
          nicolae_dithmenos_through_a_glass_darkly
D:4:      first_ration, gup_sewer_entry_pipe, uniq_ijyb, uniq_natasha
D:5:      okawaru_altar_gauntlet_db, temple_hall, basic_altar
D:6:      zin_academy, xom_confusion_cloud, serial_shops, shop,
          kennysheep_little_box, shop
Temple:   nicolae_temple_figure_eight

Skill      XL: |  1  2  3  4  5  6  7 |
---------------+----------------------+-----
Fighting       | 2 |  2.0
Unarmed Combat | 4 5 6 7 |  7.7
Poison Magic   | 1 2 |  2.0
Transmutations | 3 4 |  4.9
Dodging        | |  2.0
Spellcasting   | |  2.0

Action                   |  1- 3 |  4- 6 |  7- 9 || total
-------------------------+-------+-------+-------++-------
Melee: Unarmed           |    83 |   133 |    61 ||   277
       Constrict         |    26 |    16 |     3 ||    45
       Tentacles         |    11 |     9 |     2 ||    22
       Kick              |    11 |     3 |       ||    14
       Staff             |       |     1 |    10 ||    11
 Cast: Beastly Appendage |    12 |     6 |       ||    18
       Spider Form       |       |    15 |    11 ||    26
       Sticks to Snakes  |       |     2 |     2 ||     4
Evoke: Wand              |       |     1 |       ||     1
  Use: Scroll            |       |     9 |     3 ||    12
 Stab: Sleeping          |     5 |     3 |       ||     8
  Eat: Chunk             |     2 |    10 |     2 ||    14
       Ration            |       |     1 |     1 ||     2
Armor: Skin              |       |    11 |     1 ||    12
Dodge: Dodged            |    43 |    89 |    63 ||   195

Table legend:
 A = Spawn XP
 B = Non-spawn XP
 C = Spawn XP percentage of total XP
 D = Spawn monster count
 E = Non-spawn monster count
 F = Spawn count percentage of total count
 G = Total turns spent on level
                    A         B        C        D         E        F      G
               +---------+---------+-------+---------+---------+-------+---------
         Total |       0 |    1250 |   0.0 |       0 |     110 |   0.0 |  6022
               +---------+---------+-------+---------+---------+-------+---------
           D:1 |       0 |      45 |   0.0 |       0 |      20 |   0.0 |   985
           D:2 |       0 |      54 |   0.0 |       0 |      18 |   0.0 |   924
           D:3 |       0 |     113 |   0.0 |       0 |      20 |   0.0 |  1668
           D:4 |       0 |     418 |   0.0 |       0 |      26 |   0.0 |  1359
           D:5 |       0 |     522 |   0.0 |       0 |      20 |   0.0 |   755
           D:6 |       0 |      98 |   0.0 |       0 |       6 |   0.0 |    68
               +---------+---------+-------+---------+---------+-------+---------
